 Dungeon Crawl Stone Soup version 0.29.1-15-g9cfb28693d (webtiles) character file.

Game seed: 7316611668436108806

11 adizb the Ogre Mage (level 2, -1/24 HPs)
             Began as an Ogre Hedge Wizard on Apr 16, 2023.
             Slain by a quokka (3 damage)
             ... on level 1 of the Dungeon.
             The game lasted 00:05:31 (246 turns).

adizb the Ogre Mage (Ogre Hedge Wizard)              Turns: 246, Time: 00:05:31

Health: -1/24      AC:  3    Str: 13    XL:     2   Next: 29%
Magic:  2/6        EV:  9    Int: 15    God:
Gold:   32         SH:  0    Dex:  8    Spells: 4/8 levels left

rFire   . . .      SeeInvis .   a - +0 dagger
rCold   . . .      Faith    .   (no shield)
rNeg    . . .      Spirit   .   b - +0 robe
rPois   .          Reflect  .   c - +0 hat
rElec   .          Harm     .   (no cloak)
rCorr   .          Rampage  .   (gloves unavailable)
Will    .....                   (boots unavailable)
Stlth   +.........              (no amulet)
HPRegen 0.08/turn               (no ring)
MPRegen 0.10/turn               (no ring)

@: no status effects
A: large, unfitting armour, tough skin 1
a: no special abilities


You were on level 1 of the Dungeon.
You visited 1 branch of the dungeon, and saw 1 of its levels.

You collected 32 gold pieces.

Inventory:

Hand Weapons
 a - a +0 dagger (weapon)
Armour
 b - a +0 robe (worn)
 c - a +0 hat (worn)
Potions
 e - a potion of haste {unknown}
 f - a potion of ambrosia {unknown}


   Skills:
 + Level 0.2 Fighting
 + Level 2.0 Dodging
 - Level 1.4 Stealth
 * Level 3.9 Spellcasting
 + Level 1.1 Conjurations
 + Level 1.1 Summonings
 - Level 0.8 Translocations


You had 4 spell levels left.
You knew the following spells:

 Your Spells              Type           Power      Damage    Failure   Level
a - Magic Dart            Conj           24%        1d4       12%         1
b - Slow                  Hex            8%         N/A       19%         1
c - Call Imp              Summ           6%         N/A       17%         2

Your spell library contained the following spells:

 Spells                   Type           Power      Damage    Failure   Level
 Blink                    Tloc           10%        N/A       19%         2
 Conjure Flame            Conj/Fire      4%         6-21      41%         3
 Mephitic Cloud           Conj/Pois/Air  4%         N/A       43%         3


Dungeon Overview and Level Annotations

Branches:
Dungeon (1/15)

Altars:

Shops:
D:1 *:!


Innate Abilities, Weirdness & Mutations

You are too large for most types of armour.
You have tough skin. (AC +1)


Message History

You barely miss the quokka. Your punch misses the quokka.
The quokka is moderately wounded.
The quokka bites you. x2
You hit the quokka but do no damage.
The quokka is moderately wounded.
The quokka bites you but does no damage.
You barely miss the quokka.
The quokka is moderately wounded.
The quokka bites you.
Aiming: Slow (safe; 19% risk of failure)
Press: ? - help, Q - select action, (/) - cycle Shift-Dir - straight line, f/p - quokka
Aim: a quokka (moderately wounded, chance to affect: 53%)
The quokka resists with significant effort.
The quokka bites you. The quokka attacks as you move away!
The quokka bites you.
* * * LOW HITPOINT WARNING * * *
Magic courses through your body. The quokka barely misses you. x2
Aiming: Slow (safe; 19% risk of failure)
Press: ? - help, Q - select action, (/) - cycle Shift-Dir - straight line, f/p - quokka
Aim: a quokka (moderately wounded, chance to affect: 53%)
The quokka seems to slow down.
You hit the quokka but do no damage.
The quokka is moderately wounded.
The quokka bites you.
* * * LOW HITPOINT WARNING * * *
Casting: Call Imp (safe; 17% risk of failure)
Press: ? - help, Q - select action, (/) - cycle Dir - look around, f - activate A beastly little devil appears in a puff of flame.
The quokka is no longer moving slowly.
The quokka closely misses you.
Aiming: Magic Dart (safe; 12% risk of failure)
Press: ? - help, Q - select action, (/) - cycle Shift-Dir - straight line, f - quokka
Aim: a quokka (moderately wounded, ally target, 100% to hit)
The magic dart hits the quokka.
The quokka is heavily wounded.
The quokka bites you.
* * * LOW HITPOINT WARNING * * *
Your crimson imp blinks!
The quokka attacks as you move away! The quokka closely misses you.
The quokka bites you.
You die...

#..∩P..###.## #.#.....#..
#.PPP..# #.# #..........
#.....## #.# #r#.....#.
####...###.# #.#....##.
#.......# #.........
##.#.∩.#.# ##.##......
#........### #####..##......
##....##....###..5..###......
#......####.@r..##### #...#.†
##............##....# ##.##.#
#..#....###########.#####.##
# #..#)...# #.....#..#
####....# #####..).# #....#
###..# #....# ##.# #....# ###
######


You could see a quokka (ally target) and a friendly crimson imp (summoned).

Vanquished Creatures
  2 dart slugs (D:1)
  A bat (D:1)
  An endoplasm (D:1)
  A giant cockroach (D:1)
  A hobgoblin (D:1)
  A kobold (D:1)
7 creatures vanquished.

Notes
Turn   | Place    | Note
-------+----------+-------------------------------------------
     0 | D:1      | adizb the Ogre Hedge Wizard began the quest for the Orb.
     0 | D:1      | Reached XP level 1. HP: 16/16 MP: 5/5
    42 | D:1      | Reached skill level 1 in Conjurations
    42 | D:1      | Reached skill level 1 in Summonings
    83 | D:1      | Found Muemuem's Distillery.
   126 | D:1      | Found Xuatop's Assorted Antiques.
   132 | D:1      | Found Upsirr's Book Shop.
   150 | D:1      | Reached XP level 2. HP: 21/24 MP: 4/6
   155 | D:1      | Learned a level 1 spell: Slow
   158 | D:1      | Learned a level 2 spell: Call Imp
   246 | D:1      | Slain by a quokka

Illustrated notes

Levels and vault maps discovered:
D:1:      amcnicky_arrival_gap_in_the_tavern_cellar, layout_rooms, serial_shops,
          nicolae_shop_stone, nicolae_shop_overgrown_old_shop,
          nicolae_shop_crystal, st_stairs_4

Skill      XL: |  1  2 |
---------------+-------+-----
Conjurations   | 1 |  1.1
Summonings     | 1 |  1.1
Dodging        | 2 |  2.0
Fighting       | |  0.2
Stealth        | |  1.4
Spellcasting   | |  3.9
Translocations | |  0.8

Action                   || total
-------------------------++-------
Melee: Dagger            ||    33
 Cast: Magic Dart        ||    16
       Slow              ||     3
       Call Imp          ||     1
  Use: Potion            ||     1
Armor: Robe              ||     8
Dodge: Dodged            ||    21
